 Dungeon Crawl Stone Soup version 0.27-a0-1065-ge809cff456 (webtiles) character file.

Game seed: 1939971738619723463

9039 gimp the Thaumaturge (level 11, -1/71 HPs)
             Began as a Djinni Wanderer on Apr 23, 2021.
             Was a Believer of Makhleb.
             Slain by a tentacled starspawn (28 damage)
             ... on level 2 of the Abyss.
             The game lasted 00:41:00 (15905 turns).

gimp the Thaumaturge (Djinni Wanderer)             Turns: 15905, Time: 00:41:00

Health: -1/71      AC: 12    Str: 17      XL:     11   Next: 40%
Gold:   1283       EV: 12    Int: 17 (22) God:    Makhleb [**....] SH:  0 Dex: 14

rFire    + . .     SeeInvis .   a - +5 mace
rCold    . . .     Faith    .   (no shield)
rNeg     . . .     Spirit   .   L - +3 ring mail
rPois    ∞         Reflect  .   H - +0 helmet of Untruth {Int+3}
rElec    +         Harm     .   (no cloak)
rCorr    .         Rampage  .   J - +2 pair of gloves of Yesterday {rElec rPois rF- Regen+}
Will     +....                  (boots unavailable)
Stlth    +.........             (no amulet)
HPRegen  1.21/turn              y - ring of Miracles {rC+ MP+9 Dex+3}
MPRegen  0.00/turn              v - +6 ring of strength

@: flying
A: fire resistance 2, cold vulnerability 1, float, innate caster, hp casting,
extra vitality 1
a: Renounce Religion, Minor Destruction


You were on level 2 of the Abyss.
You worshipped Makhleb.
Makhleb was pleased with you.
You visited 2 branches of the dungeon, and saw 12 of its levels.
You visited the Abyss 1 time.

You collected 1616 gold pieces.
You spent 333 gold pieces at shops.

Inventory:

Hand Weapons
 a - a +5 mace (weapon)
 b - a +0 morningstar
 D - a +1 flail
Missiles
 g - 77 poisoned darts
 i - a curare-tipped dart
 o - 7 atropa-tipped darts
 F - a throwing net
 N - 4 boomerangs of dispersal
Armour
 h - +0 steam dragon scales
 p - a +0 ring mail
 z - the +2 hat of Imperfection {Drain *Slow rPois rN+++}
   (You bought it in a shop on level 5 of the Dungeon)

   It protects you from poison.
   It renders you almost immune to negative energy.
   It drains your maximum health when unequipped.
   It may slow you when you take damage.
 H - the +0 helmet of Untruth (worn) {Int+3}
   (You found it on level 8 of the Dungeon)

   It affects your intelligence (+3).
 J - the +2 pair of gloves of Yesterday (worn) {rElec rPois rF- Regen+}
   (You found it on level 9 of the Dungeon)

   It makes you vulnerable to fire.
   It insulates you from electricity.
   It protects you from poison.
   It increases your rate of health regeneration.
 L - a +3 ring mail (worn)
Magical Staves
 r - a staff of earth
Jewellery
 l - a ring of willpower
 v - a +6 ring of strength (right hand)
 y - the ring of Miracles (left hand) {rC+ MP+9 Dex+3}
   (You found it on level 5 of the Dungeon)

   [ring of magical power]

   It affects your dexterity (+3).
   It protects you from cold.
   It affects your magic capacity (+9).
 M - a +4 ring of protection
Wands
 j - a wand of digging (4)
 q - a wand of charming (26)
 I - a wand of paralysis (12)
Scrolls
 e - 4 scrolls of blinking
 f - 3 scrolls of enchant armour
 u - 2 scrolls of teleportation
 x - 3 scrolls of enchant weapon
Potions
 c - 5 potions of curing
 d - 4 potions of might {unknown}
 k - a potion of brilliance {unknown}
 m - 2 potions of mutation {unknown}
 n - 2 potions of haste
 s - a potion of attraction {unknown}
 t - 5 potions of flight {unknown}
 w - 2 potions of ambrosia {unknown}
 A - 2 potions of magic {unknown}
 B - a potion of resistance
 C - 4 potions of lignification
 E - 3 potions of berserk rage {unknown}
 G - 2 potions of heal wounds
Miscellaneous
 K - a box of beasts (inert)


   Skills:
 - Level 3.0 Fighting
 + Level 8.3 Maces & Flails
 - Level 1.5 Polearms
 - Level 1.1 Armour
 - Level 4.0 Dodging
 - Level 2.0 Shields
 - Level 11.0 Spellcasting
 * Level 5.0 Invocations


You had 6 spell levels left.
You knew the following spells:

 Your Spells              Type           Power      Damage    Failure   Level
a - Magic Dart            Conj           100%       1d8       1%          1
b - Blink                 Tloc           N/A        N/A       1%          2
c - Call Imp              Summ           46%        N/A       1%          2
d - Slow                  Hex            46%        N/A       1%          2
e - Conjure Flame         Conj/Fire      46%        6-21      1%          3
f - Mephitic Cloud        Conj/Pois/Air  46%        N/A       1%          3
g - Shock                 Conj/Air       100%       1d9       1%          1
h - Passwall              Tmut/Erth      38%        N/A       1%          2
i - Corpse Rot            Necr/Air       N/A        N/A       1%          2
j - Airstrike             Air            23%        N/A       1%          4
k - Animate Dead          Necr           23%        N/A       1%          4
Your spell library was empty.

Dungeon Overview and Level Annotations

Branches:
Dungeon (11/15)            Temple (1/1) D:6            Lair (0/6) D:9
    Orc (0/2) D:10

Altars:
Ashenzari
Cheibriados
Dithmenos
Elyvilon
Fedhas
Gozag
Hepliaklqana
Kikubaaqudgha
Makhleb
Nemelex Xobeh
Okawaru
Qazlal
Ru
Sif Muna
Trog
Uskayaw
Vehumet
Wu Jian
Xom
Yredelemnul
Zin
The Shining One

Shops:
D:1 ?   D:5 *


Innate Abilities, Weirdness & Mutations

You are immune to poison.
Your flesh is very heat resistant. (rF++)
You are vulnerable to cold. (rC-)
You float through the air rather than walking.
You learn spells naturally, not from books.
Your magical power is your life essence.
You have superior vitality. (+4 HP)


Message History

You are too injured to fight recklessly!
Okay, then.
Casting: Magic Dart (safe; 1% risk of failure)
Confirm with . or Enter, or press ? or * to list all spells.
You blink.
You take 1 damage, and have 33/71 hp.
The crimson imp grins evilly.
The chaos spawn hits you but does no damage.
You feel yourself growing ill in the presence of the ancient zyme.
The crimson imp blinks!
You regained 2 hp, and now have 36/71 hp.
You regained 2 hp, and now have 42/71 hp.
You feel yourself growing ill in the presence of the ancient zyme.
The crimson imp blinks!
The crimson imp blinks!
The crimson imp grinds its teeth.
You feel yourself growing ill in the presence of the ancient zyme.
Found a plate armour.
You regained 2 hp, and now have 48/71 hp.
The crimson imp blinks!
The crimson imp blinks!
You feel yourself growing ill in the presence of the ancient zyme.
The ancient zyme hits you. x2
You take 6 damage, and have 44/71 hp.
You regained 2 hp, and now have 46/71 hp.
You feel yourself growing ill in the presence of the ancient zyme.
You regained 2 hp, and now have 52/71 hp.
You regained 2 hp, and now have 58/71 hp.
You feel yourself growing ill in the presence of the ancient zyme.
You regained 2 hp, and now have 64/71 hp.
A tentacled starspawn comes into view.
Tentacles burst from the starspawn's body! 2 starspawn tentacles come into view.
You feel yourself growing ill in the presence of the ancient zyme.
The tentacled starspawn bites you!!
The tentacled starspawn tentacle-slaps you!
The starspawn tentacle closely misses you.
You take 41 damage, and have 25/71 hp.
MASSIVE DAMAGE!!
The tentacled starspawn bites you!!
You die...

.# ...# . .. ## .## .# #
..# #.##. ..#. ..#. # ##
...... ....# ..#...####
...#.##.##.#... .## .##
. #...#...##.##### ## .
...#......#.#.#######X.#
#....wXw..#.#45...## .#
#..@...#....#.#### .
#....####x##..#.#x#.## #
##! ##.4....#4#.. #.
#..#. ##.5#. ..
###...##.. §#.# #..#.
#..## ##..... # ..#....
## .#..§


You could see a tentacled starspawn, an ancient zyme, a chaos spawn and 2
starspawn tentacles.

Vanquished Creatures
  2 two-headed ogres
  A sixfirhy (Abyss:2)
  An ugly thing (D:10)
  A troll (D:9)
  A hornet (D:9)
  Sigmund (D:6)
  A wyvern (D:9)
  12 yaks
  A wraith (D:9)
  A fire elemental (Abyss:2)
  A steam dragon (D:6)
  Menkaure (D:5)
  5 water moccasins
  6 orc warriors
  An ice beast (D:5)
  A sky beast (D:6)
  A black bear (D:5)
  3 ogres
  A centaur (D:9)
  A phantom (D:5)
  3 kobold brigands
  A bullfrog (D:9)
  A gnoll sergeant (D:10)
  3 scorpions
  6 wights
  4 howler monkeys
  A bullfrog zombie (D:5)
  4 centaur zombies
  3 hounds
  2 jellies
  5 orc priests
  A centaur skeleton (D:6)
  9 orc wizards
  A killer bee zombie (D:8)
  2 howler monkey zombies
  6 gnolls
  7 adders
  An ufetubus (D:5)
  5 worms
  A dart slug (D:4)
  45 orcs
  5 ball pythons
  16 bats
  8 endoplasms
  4 giant cockroaches
  4 goblins
  14 hobgoblins
  2 jackals
  25 kobolds
  3 quokkas
  2 frilled lizards (D:1)
  4 rats
241 creatures vanquished.

Vanquished Creatures (collateral kills)
  An ice beast (D:5)
  A black bear (D:4)
  A scorpion (D:4)
  A wight (D:6)
  A gnoll (D:10)
  A hobgoblin (D:4)
6 creatures vanquished.

Grand Total: 247 creatures vanquished

Notes
Turn   | Place    | Note
-------+----------+-------------------------------------------
     0 | D:1      | gimp the Djinni Wanderer began the quest for the Orb.
     0 | D:1      | Reached XP level 1. HP: 18/18 MP: 0/0
    45 | D:1      | Found Qunwesye's Magic Scroll Shoppe.
    85 | D:1      | Bought a scroll of identify for 24 gold pieces
   153 | D:1      | Reached skill level 3 in Spellcasting
   153 | D:1      | Reached XP level 2. HP: 19/23 MP: 0/0
   891 | D:2      | Reached XP level 3. HP: 18/29 MP: 0/0
   891 | D:2      | Learned a level 1 spell: Shock
  1018 | D:2      | Found a faded altar of an unknown god.
  1940 | D:2      | Reached XP level 4. HP: 29/34 MP: 0/0
  2828 | D:3      | Reached skill level 4 in Spellcasting
  3758 | D:3      | Reached skill level 1 in Armour
  3758 | D:3      | Reached XP level 5. HP: 30/40 MP: 0/0
  3758 | D:3      | Learned a level 2 spell: Passwall
  4808 | D:4      | Noticed a black bear
  4846 | D:4      | HP: 2/40 [black bear (5)]
  5234 | D:4      | HP: 2/40 [scorpion (3)]
  5242 | D:4      | Reached XP level 6. HP: 4/46 MP: 0/0
  5625 | D:4      | Killed a black bear
  5626 | D:4      | Reached skill level 5 in Spellcasting
  5926 | D:4      | Identified a scroll of acquirement
  5926 | D:4      | Acquired 1006 gold pieces
  6209 | D:5      | Entered Level 5 of the Dungeon
  6677 | D:5      | Reached XP level 7. HP: 45/50 MP: 0/0
  6677 | D:5      | Learned a level 2 spell: Corpse Rot
  7217 | D:5      | Identified the ring of Miracles {rC+ MP+9 Dex+3}
  7368 | D:5      | Reached skill level 6 in Spellcasting
  7597 | D:5      | Found Hazuutask's Assorted Antiques.
  7612 | D:5      | Bought a faintly glowing hat for 189 gold pieces
  7612 | D:5      | Identified the +2 hat of Imperfection {Drain *Slow rPois
                  | rN+++} (You bought it in a shop on level 5 of the Dungeon)
  7612 | D:5      | Bought a potion of curing for 63 gold pieces
  7612 | D:5      | Bought an amethyst potion for 18 gold pieces
  7612 | D:5      | Bought a scroll labelled POAKHO EGU for 21 gold pieces
  7612 | D:5      | Bought a fizzy red potion for 18 gold pieces
  7669 | D:6      | Reached skill level 1 in Maces & Flails
  7669 | D:6      | Reached XP level 8. HP: 38/56 MP: 0/0
  7701 | D:6      | Noticed Menkaure
  7708 | D:5      | Killed Menkaure
  7855 | D:5      | Reached skill level 7 in Spellcasting
  8472 | D:6      | Noticed Sigmund
  9181 | D:5      | Reached skill level 8 in Spellcasting
  9433 | D:6      | Found a staircase to the Ecumenical Temple.
  9473 | Temple   | Entered the Ecumenical Temple
  9742 | Temple   | Became a worshipper of Makhleb the Destroyer
  9802 | D:6      | Killed Sigmund
  9803 | D:6      | Reached XP level 9. HP: 31/60 MP: 0/0
  9803 | D:6      | Learned a level 4 spell: Airstrike
 11181 | D:6      | Reached skill level 9 in Spellcasting
 12263 | D:8      | Reached skill level 5 in Maces & Flails
 12368 | D:8      | Reached * piety under Makhleb
 12639 | D:8      | Reached XP level 10. HP: 60/67 MP: 0/0
 12640 | D:8      | Reached skill level 10 in Spellcasting
 12691 | D:8      | Identified the +0 helmet of Untruth {Int+3}
 12711 | D:8      | Noticed a two-headed ogre
 12725 | D:8      | Killed a two-headed ogre
 13944 | D:9      | Found a staircase to the Lair.
 14345 | D:9      | Identified the +2 pair of gloves of Yesterday {rElec rPois
                  | rF- Regen+}
 14698 | D:10     | Entered Level 10 of the Dungeon
 14702 | D:10     | Noticed a two-headed ogre
 14783 | D:9      | Reached skill level 11 in Spellcasting
 14855 | D:9      | Killed a two-headed ogre
 14918 | D:9      | Reached ** piety under Makhleb
 14919 | D:9      | Reached XP level 11. HP: 68/71 MP: 0/0
 14919 | D:9      | Learned a level 4 spell: Animate Dead
 14938 | D:9      | Reached skill level 1 in Invocations
 15005 | D:10     | Noticed a white ugly thing
 15024 | D:10     | Killed a white ugly thing
 15268 | D:10     | Found a staircase to the Orcish Mines.
 15285 | D:10     | Found an opulent altar of Gozag.
 15558 | D:10     | Identified the +0 robe "Facwougg" {rC+}
 15651 | D:11     | Noticed a wizard
 15654 | D:11     | Cast into level 2 of the Abyss (a wizard)
 15654 | Abyss:2  | Found a corrupted altar of Lugonu.
 15738 | Abyss:2  | Noticed a tentacled starspawn
 15801 | Abyss:2  | Noticed a sixfirhy
 15804 | Abyss:2  | Killed a sixfirhy
 15818 | Abyss:2  | Reached skill level 5 in Invocations
 15835 | Abyss:2  | Noticed a vampire mage
 15847 | Abyss:2  | Noticed a thrashing horror
 15902 | Abyss:2  | Noticed a tentacled starspawn
 15905 | Abyss:2  | Slain by a tentacled starspawn

Illustrated notes

Levels and vault maps discovered:
D:1:      minmay_arrival_radiant_lines, layout_basic, serial_shops, shop_scrolls
D:2:      layout_basic, basic_ecumenical_altar
D:3:      layout_basic, minivault_24, roderic_batcave
D:4:      layout_rooms
D:5:      layout_basic, serial_shops, shop_statue, serial_park_tiny_2,
          minivault_26
D:6:      layout_gridville, minmay_temple_entry_butterflies, sigmund_army,
          uniq_menkaure
D:7:      layout_rooms, serial_rivers, chequers_serial_rivers_room_a,
          chequers_serial_rivers_room_b, chequers_serial_rivers_micro_c,
          chequers_serial_rivers_micro_a, minmay_crystal_water, grunt_ogre_cave
D:8:      layout_rooms
D:9:      layout_loops_corners, lair_entry_dummy
D:10:     layout_cross, grunt_gozag_breadcrumbs, orc_0_dummy
D:11:     layout_rooms, serial_shops, kennysheep_mini, minmay_fountain_box,
          tgw_sif
Temple:   regret_index_temple_sigil_plot
Abyss:2:  base: D:6, hangedman_elemental_corridor,
          guppyfry_abyss_exit_imp_island

Skill      XL: |  1  2  3  4  5  6  7  8  9 10 11 |
---------------+----------------------------------+-----
Spellcasting   | 3 4 5 6 8 9 11 | 11.0
Fighting       | 3 |  3.0
Armour         | 1 |  1.1
Dodging        | 2 3 4 |  4.0
Maces & Flails | 1 3 5 7 8 |  8.3
Invocations    | 5 |  5.0
Polearms       | |  1.5
Shields        | |  2.0

Action                   |  1- 3 |  4- 6 |  7- 9 | 10-12 || total
-------------------------+-------+-------+-------+-------++-------
Melee: Club              |       |     9 |       |       ||     9
       Flail             |       |     2 |    15 |       ||    17
       Mace              |       |       |    11 |   114 ||   125
 Cast: Magic Dart        |    86 |   207 |   233 |    47 ||   573
       Call Imp          |       |    10 |     8 |       ||    18
       Mephitic Cloud    |       |     8 |    14 |    14 ||    36
       Conjure Flame     |       |     1 |     4 |     1 ||     6
       Shock             |       |     4 |    54 |    26 ||    84
       Blink             |       |       |     1 |     3 ||     4
       Airstrike         |       |       |    18 |    39 ||    57
Evoke: Wand              |       |       |     2 |       ||     2
       Box of beasts     |       |       |       |     1 ||     1
  Use: Scroll            |     3 |     4 |     7 |     3 ||    17
       Potion            |       |       |     2 |       ||     2
 Stab: Confused          |       |     1 |     1 |     8 ||    10
Armor: Leather armour    |     4 |    16 |       |       ||    20
       Ring mail         |       |     1 |    42 |    85 ||   128
       Steam dragon scal |       |       |    10 |     1 ||    11
       Skin              |       |       |     1 |       ||     1
Dodge: Dodged            |    11 |    52 |   121 |   112 ||   296

Table legend: (Time is in decaauts)
 A = Elapsed time spent in this place.
 B = Non-inter-level travel time spent in this place.
 C = Inter-level travel time spent in this place.
 D = Time resting spent in this place.
 E = Time spent auto-exploring this place.
 F = Levels seen in this place.
 G = Mean time per level.
                   A        B        C        D        E       F      G
               +--------+--------+--------+--------+--------+-----+--------+
         Total |  15946 |  15323 |    623 |   3073 |   9835 |  13 | 1226.6 |
       Dungeon |  15396 |  14827 |    569 |   3073 |   9503 |  11 | 1399.6 |
        Temple |    294 |    240 |     54 |      0 |    237 |   1 |  294.0 |
         Abyss |    254 |    254 |      0 |      0 |     95 |   1 |  254.0 |
               +--------+--------+--------+--------+--------+-----+--------+

Top non-repeatable levels by time:
     D:5: 2869 daAuts
     D:2: 2171 daAuts
     D:3: 2011 daAuts
     D:9: 1919 daAuts
     D:6: 1773 daAuts
     D:7: 1103 daAuts
     D:1: 1043 daAuts
     D:4: 989 daAuts
     D:8: 981 daAuts
    D:10: 507 daAuts
  Temple: 294 daAuts
 Abyss:2: 254 daAuts
    D:11: 27 daAuts
